[Event "LEM Niedersachsen-A-Open 2025"]
[Site "Verden"]
[Date "2025.01.02"]
[Round "2.20"]
[White "Moeller, Jonas"]
[Black "Klages, Jonas"]
[Result "1-0"]
[ECO "C02"]
[WhiteElo "1934"]
[BlackElo "1776"]
[Annotator "NA RC"]
[PlyCount "113"]
[EventDate "2024.12.27"]
[EventType "swiss"]
[EventCountry "GER"]
[SourceTitle "playchess.com"]
[Source "ChessBase"]
[SourceQuality "1"]
[TimeControl "40/5400+30:1800+30"]

1. e4 e6 2. d4 d5 3. e5 c5 4. c3 Nc6 5. Nf3 Bd7 6. Be2 Qb6 7. O-O Nge7 8. Na3 Ng6 9. h4 cxd4 10. cxd4 Bxa3 11. bxa3 Rc8 12. Be3 Nge7 13. Rb1 Qc7 14. Bd2 Rb8 15. Qc2 O-O 16. Ng5 g6 17. Bb4 Rbc8 18. Bd6 Qd8 19. Qd2 Re8 20. g4 Na5 21. Qf4 Rf8 22. Qf6 Nec6 23. Bxf8 Qxf8 24. Rfd1 Nd8 25. Rdc1 Rxc1+ 26. Rxc1 Nac6 27. Qf4 Qxa3 28. Qd2 Nxd4 29. Rc7 Nxe2+ 30. Qxe2 Be8 31. Qf3 Qa5 32. Qc3 Qxc3 33. Rxc3 Nc6 34. f4 h6 35. Nf3 Kf8 36. Kf2 Ke7 37. Ke3 Kd8 38. Nd4 Nxd4 39. Kxd4 Bc6 40. Kc5 Kc7 41. h5 Be8 42. Rh3 f5 43. hxg6 fxg4 44. Rxh6 g3 45. g7 Bf7 46. Rg6 Bg8 47. Rxg3 Kd7 48. Rg6 Ke7 49. Rf6 b6+ 50. Kd4 b5 51. Rf8 a5 52. Rxg8 Kf7 53. Rb8 Kxg7 54. Rxb5 Kg6 55. Rxa5 Kf5 56. Rxd5 exd5 57. Kxd5 1-0

[Event "LEM Niedersachsen-A-Open 2025"]
[Site "Verden"]
[Date "2025.01.02"]
[Round "2.21"]
[White "Moerke, Niklas"]
[Black "Ehlert, Horst"]
[Result "1-0"]
[ECO "B41"]
[WhiteElo "1875"]
[BlackElo "1929"]
[Annotator "NA RC"]
[PlyCount "59"]
[EventDate "2024.12.27"]
[EventType "swiss"]
[EventCountry "GER"]
[SourceTitle "playchess.com"]
[Source "ChessBase"]
[SourceQuality "1"]
[TimeControl "40/5400+30:1800+30"]

1. e4 c5 2. Nf3 e6 3. d4 cxd4 4. Nxd4 a6 5. c4 Qc7 6. Nc3 Nf6 7. Be2 d6 8. O-O Be7 9. Be3 Nbd7 10. f4 b6 11. Bf3 Bb7 12. Rc1 O-O 13. b4 Rac8 14. b5 a5 15. Nc6 Nc5 16. Bxc5 dxc5 17. e5 Ne8 18. Qe2 Bxc6 19. Bxc6 Rd8 20. Rcd1 Rd4 21. Ne4 g6 22. Rf3 Ng7 23. Rxd4 cxd4 24. Rd3 Rd8 25. g4 h6 26. Qf2 Bc5 27. Qh4 h5 28. Nf6+ Kf8 29. gxh5 gxh5 30. Qg5 1-0

[Event "LEM Niedersachsen-A-Open 2025"]
[Site "Verden"]
[Date "2025.01.02"]
[Round "2.22"]
[White "Boehnke, Marc"]
[Black "Schramm, Kilian"]
[Result "0-1"]
[ECO "E17"]
[WhiteElo "1927"]
[BlackElo "1834"]
[Annotator "NA RC"]
[PlyCount "86"]
[EventDate "2024.12.27"]
[EventType "swiss"]
[EventCountry "GER"]
[SourceTitle "playchess.com"]
[Source "ChessBase"]
[SourceQuality "1"]
[TimeControl "40/5400+30:1800+30"]

1. d4 Nf6 2. c4 e6 3. Nf3 b6 4. g3 Bb7 5. Bg2 Be7 6. Nc3 Ne4 7. Qc2 Nxc3 8. Qxc3 Bf6 9. Qc2 Bxd4 10. O-O Bf6 11. Rd1 d6 12. e4 Nd7 13. Be3 Qe7 14. Rac1 c5 15. Qd3 Bxb2 16. Rc2 Bf6 17. Qxd6 Qxd6 18. Rxd6 Bxe4 19. Rcd2 O-O-O 20. Ng5 Bxg2 21. Nxf7 Be4 22. Nxh8 Ne5 23. Rxd8+ Bxd8 24. Rd1 Bf3 25. Rc1 Bf6 26. Re1 Bh5 27. Kg2 Nd3 28. Rb1 g5 29. g4 Be8 30. Rd1 Ne5 31. h3 Bxh8 32. Bxg5 Bc6+ 33. Kg3 Nf7 34. Be3 Kc7 35. h4 Nd6 36. Rc1 Be5+ 37. f4 Ne4+ 38. Kf3 Bd4 39. Rc2 Nc3+ 40. Kg3 Be4 41. Bxd4 cxd4 42. Rf2 Bd3 43. f5 Ne4+ 0-1

[Event "LEM Niedersachsen-A-Open 2025"]
[Site "Verden"]
[Date "2025.01.02"]
[Round "2.23"]
[White "Kiesel, Lucas"]
[Black "Bisa, Gani"]
[Result "1-0"]
[ECO "E17"]
[WhiteElo "2023"]
[BlackElo "1885"]
[Annotator "NA RC"]
[PlyCount "104"]
[EventDate "2024.12.27"]
[EventType "swiss"]
[EventCountry "GER"]
[SourceTitle "playchess.com"]
[Source "ChessBase"]
[SourceQuality "1"]
[TimeControl "40/5400+30:1800+30"]

1. d4 Nf6 2. c4 e6 3. Nf3 b6 4. g3 Bb7 5. Bg2 Be7 6. O-O O-O 7. Nbd2 d6 8. b3 c5 9. Bb2 cxd4 10. Nxd4 Bxg2 11. Kxg2 d5 12. e3 Qd7 13. Qf3 Nc6 14. Nxc6 Qxc6 15. Rac1 Rad8 16. Rfd1 Qa8 17. h3 a5 18. a4 h6 19. Bd4 Qb8 20. cxd5 Rxd5 21. Nc4 Rf5 22. Qe2 b5 23. g4 Qa8+ 24. f3 Rg5 25. Ne5 Qd5 26. Qxb5 Qa8 27. h4 Rxg4+ 28. Nxg4 Nxg4 29. Qc6 Nf6 30. Qxa8 Rxa8 31. Rc7 Nd5 32. Ra7 Rd8 33. Rh1 e5 34. Bxe5 Nxe3+ 35. Kh3 Nf5 36. Rxa5 Nxh4 37. Ra7 Nf5 38. Rb1 h5 39. b4 f6 40. Bc7 Rd3 41. Ra5 Rxf3+ 42. Kh2 g6 43. Rxf5 Rxf5 44. b5 Rc5 45. b6 Rxc7 46. bxc7 Bd6+ 47. Kg2 Bxc7 48. Rb7 Ba5 49. Ra7 Bc3 50. a5 g5 51. a6 g4 52. Rd7 Ba5 1-0

[Event "LEM Niedersachsen-A-Open 2025"]
[Site "Verden"]
[Date "2025.01.02"]
[Round "2.24"]
[White "Bangert, Jonas"]
[Black "Martin, Dennis"]
[Result "1-0"]
[ECO "D38"]
[WhiteElo "1894"]
[BlackElo "2005"]
[Annotator "NA RC"]
[PlyCount "131"]
[EventDate "2024.12.27"]
[EventType "swiss"]
[EventCountry "GER"]
[SourceTitle "playchess.com"]
[Source "ChessBase"]
[SourceQuality "1"]
[TimeControl "40/5400+30:1800+30"]

1. d4 Nf6 2. Nf3 e6 3. c4 d5 4. Nc3 Bb4 5. Qa4+ Nc6 6. Bg5 Bd7 7. Qb3 dxc4 8. Qxc4 h6 9. Bxf6 Qxf6 10. e3 Qe7 11. a3 Bd6 12. Be2 e5 13. d5 Nd8 14. O-O a6 15. b4 b5 16. Qd3 f5 17. e4 f4 18. h3 O-O 19. Nh2 Nf7 20. Bg4 Ng5 21. Bxd7 Qxd7 22. f3 h5 23. Rfb1 Qe7 24. Nf1 Rf6 25. Kh1 Rg6 26. Qe2 Nh7 27. Nd2 Nf6 28. Qf2 Nd7 29. Nb3 Rh6 30. Na5 Nb8 31. Rc1 g5 32. Ne2 Rg6 33. Rc2 g4 34. Rac1 Qd7 35. Qh4 Rg7 36. Kh2 Qe8 37. Qe1 Qg6 38. Qf1 Kh7 39. Nb7 Ra7 40. Nxd6 cxd6 41. Rc8 Rab7 42. g3 fxg3+ 43. Nxg3 Qg5 44. fxg4 Rbf7 45. Nf5 hxg4 46. hxg4 Kg6 47. Kg3 Nd7 48. Qf3 Nf6 49. Rh1 Rh7 50. Rh8 Rxh1 51. Rxh1 Rf8 52. Rh2 Rd8 53. Rh6+ Kf7 54. Rh1 Rd7 55. Rh8 Rc7 56. Nxd6+ Ke7 57. Nf5+ Kd7 58. Kh3 Rc2 59. Rf8 Qg6 60. Rh8 Rc4 61. Ng3 Rc2 62. Ra8 Kc7 63. Rxa6 Qh7+ 64. Nh5 Nxe4 65. Ra7+ Kb6 66. Qe3+ 1-0

[Event "LEM Niedersachsen-A-Open 2025"]
[Site "Verden"]
[Date "2025.01.02"]
[Round "2.25"]
[White "Goertzen, Simon"]
[Black "Schumann, Steffen"]
[Result "0-1"]
[ECO "B72"]
[WhiteElo "1887"]
[BlackElo "2002"]
[Annotator "RC"]
[PlyCount "142"]
[EventDate "2024.12.27"]
[EventType "swiss"]
[EventCountry "GER"]
[SourceTitle "playchess.com"]
[Source "ChessBase"]
[SourceQuality "1"]
[TimeControl "40/5400+30:1800+30"]

1. e4 c5 2. Nf3 d6 3. d4 cxd4 4. Nxd4 Nf6 5. Nc3 g6 6. Be3 Bg7 7. Qd2 Ng4 8. Bg5 h6 9. Bh4 Nc6 10. Nxc6 bxc6 11. h3 Nf6 12. e5 dxe5 13. Qxd8+ Kxd8 14. O-O-O+ Kc7 15. Bc4 e6 16. Rhe1 Nd5 17. Ne4 a5 18. f3 g5 19. Bg3 Rd8 20. h4 f5 21. Nc5 f4 22. Bf2 gxh4 23. Nd3 Rg8 24. Rd2 Ne3 25. Bxe3 fxe3 26. Rde2 Bf6 27. Nc5 Bg5 28. Bxe6 Rg6 29. Bxc8 Rxc8 30. Rd1 Rd8 31. Rxd8 Kxd8 32. Nb7+ Kc7 33. Nxa5 Bf4 34. Kd1 h3 35. gxh3 Rg1+ 36. Re1 Rg3 37. Ke2 Rxh3 38. Nc4 Rh2+ 39. Kd3 Rf2 40. Nxe3 Rxf3 41. Ke4 Rf2 42. Kd3 h5 43. Nc4 h4 44. Nxe5 h3 45. Ke4 Bxe5 46. Kxe5 Rxc2 47. Rb1 h2 48. Kd4 Rg2 49. Rh1 Rxb2 50. a3 Kb6 51. Kc3 Rg2 52. Kb4 c5+ 53. Kc4 Rg4+ 54. Kb3 Rh4 55. Kc3 Ka5 56. Kb3 Kb5 57. Kb2 Rh3 58. Ka2 Ka5 59. Kb2 Ka4 60. Ka2 Rxa3+ 61. Kb2 Rh3 62. Ka2 Kb4 63. Kb2 Kc4 64. Kc2 Kd4 65. Kd2 Ra3 66. Kc2 Ra2+ 67. Kb1 Rg2 68. Rd1+ Kc4 69. Rc1+ Kb4 70. Rc2 h1=Q+ 71. Kb2 Qh2 0-1

[Event "LEM Niedersachsen-A-Open 2025"]
[Site "Verden"]
[Date "2025.01.02"]
[Round "2.26"]
[White "Harms, Friedjof"]
[Black "Rieping, Lea"]
[Result "1/2-1/2"]
[ECO "B01"]
[WhiteElo "1884"]
[BlackElo "1973"]
[Annotator "NA RC"]
[PlyCount "79"]
[EventDate "2024.12.27"]
[EventType "swiss"]
[EventCountry "GER"]
[SourceTitle "playchess.com"]
[Source "ChessBase"]
[SourceQuality "1"]
[TimeControl "40/5400+30:1800+30"]

1. e4 d5 2. exd5 Qxd5 3. Nc3 Qa5 4. d4 Nf6 5. Bc4 Bg4 6. f3 Bh5 7. Bd2 c6 8. Qe2 Qc7 9. O-O-O Nbd7 10. Nh3 e6 11. Bf4 Bd6 12. Bxd6 Qxd6 13. d5 cxd5 14. Nxd5 Qb8 15. g4 Bg6 16. Bb5 Kf8 17. Nxf6 Nxf6 18. Qd2 Qc7 19. Nf4 Rc8 20. Ba4 e5 21. Qb4+ Kg8 22. Nxg6 hxg6 23. g5 Nh5 24. Rd7 Qc4 25. Qxc4 Rxc4 26. Bb3 Rf4 27. Re1 Rxf3 28. Rxe5 Kh7 29. Rxb7 Rd8 30. Re1 a5 31. Rxf7 Nf4 32. Ra7 Ne2+ 33. Kb1 Re3 34. Ka1 a4 35. Bc4 Nd4 36. Rxe3 Nxc2+ 37. Kb1 Nxe3 38. Be2 Rd2 39. Re7 Rxe2 40. Kc1 1/2-1/2

[Event "LEM Niedersachsen-A-Open 2025"]
[Site "Verden"]
[Date "2025.01.02"]
[Round "2.27"]
[White "Buecklers, Martin"]
[Black "Ludwig, Bernard"]
[Result "1/2-1/2"]
[ECO "D02"]
[WhiteElo "1859"]
[BlackElo "1962"]
[Annotator "NA RC"]
[PlyCount "85"]
[EventDate "2024.12.27"]
[EventType "swiss"]
[EventCountry "GER"]
[SourceTitle "playchess.com"]
[Source "ChessBase"]
[SourceQuality "1"]
[TimeControl "40/5400+30:1800+30"]

1. Nf3 Nf6 2. g3 d5 3. Bg2 e6 4. O-O c5 5. d4 Nc6 6. b3 cxd4 7. Nxd4 Bc5 8. Nxc6 bxc6 9. Bb2 O-O 10. c4 Bb7 11. e3 Qe7 12. Nc3 Rfd8 13. Qc2 d4 14. exd4 Bxd4 15. Ne4 Bxb2 16. Qxb2 Nxe4 17. Bxe4 c5 18. Bxb7 Qxb7 19. Rfd1 Rd7 20. Rd2 Rad8 21. Rad1 a5 22. Rxd7 Rxd7 23. Rxd7 Qxd7 24. Qe5 Qc8 25. Qd6 g6 26. Qb6 a4 27. bxa4 Qd7 28. Qb8+ Kg7 29. Qe5+ Kg8 30. Qxc5 Qxa4 31. a3 Qd1+ 32. Kg2 Qc2 33. Qc6 h5 34. h4 Qf5 35. Qf3 Qc5 36. Qd3 e5 37. a4 Qc6+ 38. Qd5 Qxa4 39. c5 e4 40. c6 Qc2 41. Qd7 e3 42. Qe8+ Kg7 43. Qxe3 1/2-1/2

[Event "LEM Niedersachsen-A-Open 2025"]
[Site "Verden"]
[Date "2025.01.02"]
[Round "2.28"]
[White "Aden, Meino"]
[Black "Lehmkuhl, Stefan"]
[Result "1-0"]
[ECO "D20"]
[WhiteElo "1933"]
[BlackElo "1874"]
[Annotator "NA RC"]
[PlyCount "97"]
[EventDate "2024.12.27"]
[EventType "swiss"]
[EventCountry "GER"]
[SourceTitle "playchess.com"]
[Source "ChessBase"]
[SourceQuality "1"]
[TimeControl "40/5400+30:1800+30"]

1. d4 d5 2. c4 dxc4 3. e4 c5 4. d5 Nf6 5. Nc3 e6 6. Bxc4 exd5 7. exd5 Bd6 8. Qe2+ Qe7 9. Nb5 Kd7 10. Qxe7+ Bxe7 11. Bf4 Ne8 12. Nxa7 Bd6 13. Nxc8 Kxc8 14. Be3 Nc7 15. Ne2 Nd7 16. Bf4 Ne5 17. Bxe5 Bxe5 18. d6 Bxd6 19. O-O-O Be5 20. f4 Bf6 21. Bxf7 Rf8 22. Bb3 b5 23. Kb1 c4 24. Bc2 Na6 25. Bxh7 Nc5 26. Rd5 Na4 27. Bc2 Nxb2 28. Rxb5 Rb8 29. Rxb8+ Kxb8 30. Ng3 c3 31. Ne4 Nc4 32. Re1 Nd2+ 33. Kc1 Re8 34. Re2 Nxe4 35. Rxe4 Rd8 36. Re2 g5 37. Re6 Rf8 38. f5 g4 39. Be4 Bg5+ 40. Kc2 Bd2 41. a4 Kc7 42. Rc6+ Kd7 43. a5 Re8 44. Rc4 Rb8 45. Bc6+ Ke7 46. a6 Rb2+ 47. Kd3 Be1 48. a7 Ra2 49. a8=Q 1-0

[Event "LEM Niedersachsen-A-Open 2025"]
[Site "Verden"]
[Date "2025.01.02"]
[Round "2.29"]
[White "Kiesel, Lara"]
[Black "Lebiedz, Oliver"]
[Result "0-1"]
[ECO "D32"]
[WhiteElo "1825"]
[BlackElo "1939"]
[Annotator "NA RC"]
[PlyCount "66"]
[EventDate "2024.12.27"]
[EventType "swiss"]
[EventCountry "GER"]
[SourceTitle "playchess.com"]
[Source "ChessBase"]
[SourceQuality "1"]
[TimeControl "40/5400+30:1800+30"]

1. Nf3 c5 2. c4 e6 3. Nc3 d5 4. cxd5 exd5 5. d4 Nc6 6. e3 Nf6 7. Bb5 Bd6 8. dxc5 Bxc5 9. O-O O-O 10. b3 Bg4 11. Bb2 Bb6 12. Na4 Bc7 13. Bxf6 Qxf6 14. Qxd5 Bxf3 15. Qxf3 Qe5 16. Qg3 Qxa1 17. Qxc7 Qxa2 18. Qxb7 Na5 19. Qe4 Nxb3 20. Bd3 g6 21. Qh4 Rac8 22. Qb4 Nc1 23. Ba6 Rb8 24. Qg4 h5 25. Qh4 Ne2+ 26. Kh1 Kg7 27. Nc5 Rfd8 28. Bc4 Rb1 29. Bxe2 Qxe2 30. Ne6+ fxe6 31. Qe7+ Kh6 32. Rxb1 Rd1+ 33. Rxd1 Qxd1# 0-1

[Event "LEM Niedersachsen-A-Open 2025"]
[Site "Verden"]
[Date "2025.01.02"]
[Round "2.30"]
[White "Nolting, Dennis"]
[Black "Kozik, Andreas"]
[Result "1/2-1/2"]
[ECO "C01"]
[WhiteElo "1937"]
[BlackElo "1868"]
[Annotator "NA RC"]
[PlyCount "56"]
[EventDate "2024.12.27"]
[EventType "swiss"]
[EventCountry "GER"]
[SourceTitle "playchess.com"]
[Source "ChessBase"]
[SourceQuality "1"]
[TimeControl "40/5400+30:1800+30"]

1. e4 e6 2. d4 d5 3. Bd3 dxe4 4. Bxe4 Nf6 5. Bf3 c5 6. Ne2 Be7 7. O-O Nc6 8. dxc5 Qxd1 9. Rxd1 Bxc5 10. Bg5 Ne5 11. Nbc3 Nxf3+ 12. gxf3 Bd7 13. Bxf6 gxf6 14. Ne4 Be7 15. Nd6+ Bxd6 16. Rxd6 Rg8+ 17. Kf1 Ke7 18. Rad1 Rad8 19. Nc3 Bc6 20. Rxd8 Rxd8 21. Rxd8 Kxd8 22. Ne4 Ke7 23. Ke2 f5 24. Nc5 b6 25. Nd3 Bb5 26. f4 f6 27. f3 Kd6 28. Ke3 Bxd3 1/2-1/2

[Event "LEM Niedersachsen-A-Open 2025"]
[Site "Verden"]
[Date "2025.01.02"]
[Round "2.31"]
[White "Stoy, Ulf"]
[Black "Aden, Dagmar"]
[Result "1/2-1/2"]
[ECO "A36"]
[WhiteElo "1918"]
[BlackElo "1861"]
[Annotator "NA RC"]
[PlyCount "106"]
[EventDate "2024.12.27"]
[EventType "swiss"]
[EventCountry "GER"]
[SourceTitle "playchess.com"]
[Source "ChessBase"]
[SourceQuality "1"]
[TimeControl "40/5400+30:1800+30"]

1. c4 Nf6 2. g3 c5 3. Bg2 Nc6 4. Nc3 d6 5. d3 Bd7 6. e3 g6 7. Nge2 Bg7 8. b3 Qc8 9. Bb2 O-O 10. Qd2 Rb8 11. O-O Bh3 12. Nf4 Bxg2 13. Kxg2 a6 14. Ncd5 Nxd5 15. cxd5 e5 16. dxe6 fxe6 17. Bxg7 Kxg7 18. Qc3+ e5 19. Nd5 Qe6 20. e4 Nd4 21. f3 b5 22. Rf2 Rb7 23. Raf1 Kg8 24. Qc1 Rbf7 25. Qh6 Nc6 26. f4 exf4 27. gxf4 Ne7 28. f5 Nxf5 29. Qh3 Nd4 30. Nf6+ Kh8 31. Qh4 Nf5 32. exf5 Qxf6 33. Qxf6+ Rxf6 34. Kg3 Rxf5 35. Rxf5 gxf5 36. Re1 Kg7 37. Re6 Rf6 38. Re7+ Kg6 39. Kf4 h6 40. Ra7 d5 41. Rc7 c4 42. bxc4 bxc4 43. dxc4 dxc4 44. Rxc4 Rb6 45. a4 a5 46. h4 Kf6 47. h5 Ke6 48. Rc5 Rb4+ 49. Kg3 Rxa4 50. Rc6+ Ke5 51. Rxh6 Ra3+ 52. Kg2 Kf4 53. Ra6 Ra2+ 1/2-1/2

[Event "LEM Niedersachsen-A-Open 2025"]
[Site "Verden"]
[Date "2025.01.02"]
[Round "2.32"]
[White "Beckmann, Jonathan"]
[Black "Nuerenberg, Marius"]
[Result "1-0"]
[ECO "E35"]
[WhiteElo "1812"]
[BlackElo "1911"]
[Annotator "NA RC"]
[PlyCount "117"]
[EventDate "2024.12.27"]
[EventType "swiss"]
[EventCountry "GER"]
[SourceTitle "playchess.com"]
[Source "ChessBase"]
[SourceQuality "1"]
[TimeControl "40/5400+30:1800+30"]

1. d4 Nf6 2. c4 e6 3. Nc3 Bb4 4. Qc2 d5 5. cxd5 exd5 6. Bg5 h6 7. Bh4 c5 8. Nf3 g5 9. Bg3 Ne4 10. dxc5 Bf5 11. Qb3 Na6 12. e3 Bxc3+ 13. bxc3 Naxc5 14. Bb5+ Kf8 15. Qa3 Qe7 16. O-O a6 17. Be2 Nxg3 18. hxg3 Kg7 19. Nd4 Bg6 20. Bf3 Rhd8 21. Rfd1 Qc7 22. Rac1 Nd3 23. Rc2 Ne5 24. Rcc1 Nc4 25. Qb3 Rd6 26. Re1 Rb6 27. Qd1 Nb2 28. Qd2 Nd3 29. Bxd5 Rb2 30. Qd1 Nxc1 31. Qxc1 Rb1 32. Qd2 Rxe1+ 33. Qxe1 Rd8 34. e4 b5 35. a4 bxa4 36. Qa1 Kg8 37. Qxa4 Qb6 38. Nc6 Re8 39. Nb4 Rc8 40. Nc6 Re8 41. Nb4 Kf8 42. Qd7 a5 43. Nc6 Qb1+ 44. Kh2 Rxe4 45. Bxe4 Bxe4 46. Nxa5 Qf1 47. Qd8+ Kg7 48. Qd4+ f6 49. Qxe4 Qxf2 50. Nc4 h5 51. Nd6 Qc5 52. Qe7+ Kg6 53. Qf7+ Kh6 54. Qxf6+ Kh7 55. Qf7+ Kh8 56. Qxh5+ Kg7 57. Qf7+ Kh8 58. Qf8+ Kh7 59. Qf5+ 1-0

[Event "LEM Niedersachsen-A-Open 2025"]
[Site "Verden"]
[Date "2025.01.02"]
[Round "2.33"]
[White "Seer, Maurice"]
[Black "Rausch, Darius"]
[Result "1-0"]
[ECO "B15"]
[WhiteElo "1911"]
[BlackElo "1840"]
[Annotator "NA RC"]
[PlyCount "127"]
[EventDate "2024.12.27"]
[EventType "swiss"]
[EventCountry "GER"]
[SourceTitle "playchess.com"]
[Source "ChessBase"]
[SourceQuality "1"]
[TimeControl "40/5400+30:1800+30"]

1. e4 c6 2. d4 d5 3. Nd2 dxe4 4. Nxe4 Nf6 5. Nxf6+ exf6 6. Nf3 Bd6 7. Be2 O-O 8. O-O Re8 9. h3 Nd7 10. Re1 Nf8 11. Be3 Ng6 12. Qd2 Be6 13. Bd3 Bd5 14. Be2 Bc7 15. g3 f5 16. c4 f4 17. Bxf4 Bxf4 18. gxf4 Be6 19. Ng5 Qf6 20. Nxe6 Rxe6 21. Bg4 Rd6 22. Re4 Rad8 23. Rd1 Nh4 24. Qe3 h6 25. Re8+ Rxe8 26. Qxe8+ Kh7 27. Qe4+ Qg6 28. Qxg6+ Nxg6 29. Bf5 Rf6 30. Bxg6+ Kxg6 31. d5 Rd6 32. Kg2 cxd5 33. cxd5 Kf5 34. Kf3 Rd7 35. Rd3 g5 36. fxg5 hxg5 37. Rd4 Ke5 38. Ke3 Rxd5 39. Rxd5+ Kxd5 40. f4 f6 41. Kf3 Kd4 42. fxg5 fxg5 43. Kg4 Kd3 44. Kxg5 Kc2 45. b4 Kc3 46. b5 a5 47. bxa6 bxa6 48. h4 a5 49. a4 Kb4 50. h5 Kxa4 51. h6 Kb3 52. h7 a4 53. h8=Q Ka2 54. Qh2+ Kb3 55. Qg3+ Ka2 56. Qf2+ Kb3 57. Qe3+ Ka2 58. Qd2+ Ka3 59. Qd1 Kb4 60. Qa1 Kb3 61. Kf4 a3 62. Ke3 a2 63. Kd3 Ka3 64. Kc4 1-0

[Event "LEM Niedersachsen-A-Open 2025"]
[Site "Verden"]
[Date "2025.01.02"]
[Round "2.34"]
[White "Schulze, Tim"]
[Black "Monnerjahn, Lukas"]
[Result "1/2-1/2"]
[ECO "B30"]
[WhiteElo "1804"]
[BlackElo "1909"]
[Annotator "NA RC"]
[PlyCount "42"]
[EventDate "2024.12.27"]
[EventType "swiss"]
[EventCountry "GER"]
[SourceTitle "playchess.com"]
[Source "ChessBase"]
[SourceQuality "1"]
[TimeControl "40/5400+30:1800+30"]

1. e4 c5 2. Nf3 Nc6 3. Bb5 Nf6 4. Bxc6 dxc6 5. d3 Qd6 6. O-O e5 7. Nbd2 Be7 8. Nc4 Qc7 9. Ncxe5 Be6 10. Nc4 Nxe4 11. Re1 Nf6 12. Ng5 Bxc4 13. dxc4 O-O 14. Qf3 Bd6 15. g3 Rfe8 16. Bd2 Rad8 17. Bc3 Be5 18. Bxe5 Rxe5 19. Ne4 Nxe4 20. Rxe4 Rde8 21. Rae1 R8e6 1/2-1/2

[Event "LEM Niedersachsen-A-Open 2025"]
[Site "Verden"]
[Date "2025.01.02"]
[Round "2.35"]
[White "Stein, Luis"]
[Black "Holtwessels, Jan"]
[Result "0-1"]
[ECO "B00"]
[WhiteElo "1899"]
[BlackElo "1812"]
[Annotator "NA RC"]
[PlyCount "60"]
[EventDate "2024.12.27"]
[EventType "swiss"]
[EventCountry "GER"]
[SourceTitle "playchess.com"]
[Source "ChessBase"]
[SourceQuality "1"]
[TimeControl "40/5400+30:1800+30"]

1. e4 Nc6 2. d4 d5 3. e5 Bf5 4. c3 e6 5. f4 f6 6. Nf3 g5 7. exf6 Qxf6 8. fxg5 Qg7 9. Bb5 Bd6 10. Qe2 h6 11. Ne5 Bxe5 12. Qxe5 Qxe5+ 13. dxe5 Kd7 14. Be3 a6 15. Bxc6+ Kxc6 16. Nd2 hxg5 17. Bxg5 Nh6 18. Nf3 Be4 19. O-O-O Ng4 20. Nd4+ Kd7 21. Rdf1 Nxe5 22. Bf6 Nd3+ 23. Kd2 Rh7 24. b4 Rg8 25. Rhg1 Rxh2 26. Kd1 Rgxg2 27. Rxg2 Rxg2 28. Bh4 Bg6 29. Rf8 Bh5+ 30. Nf3 Ne5 0-1

[Event "LEM Niedersachsen-A-Open 2025"]
[Site "Verden"]
[Date "2025.01.02"]
[Round "2.36"]
[White "Wilmink, Luca"]
[Black "Thieu, Nguyen Gia Bao"]
[Result "0-1"]
[ECO "B34"]
[WhiteElo "1792"]
[BlackElo "1898"]
[Annotator "NA RC"]
[PlyCount "116"]
[EventDate "2024.12.27"]
[EventType "swiss"]
[EventCountry "GER"]
[SourceTitle "playchess.com"]
[Source "ChessBase"]
[SourceQuality "1"]
[TimeControl "40/5400+30:1800+30"]

1. e4 c5 2. Nf3 Nc6 3. d4 cxd4 4. Nxd4 g6 5. Nc3 Bg7 6. Be3 Nf6 7. Be2 O-O 8. h4 d5 9. Nxc6 bxc6 10. e5 Ne8 11. h5 Bxe5 12. Bh6 Bg7 13. Qd2 Nf6 14. f3 Qd6 15. O-O-O Nxh5 16. g4 Bxh6 17. Qxh6 Qf4+ 18. Qxf4 Nxf4 19. Rh4 Kg7 20. g5 e5 21. Bd3 Bf5 22. Ba6 Rab8 23. Ne2 Rb6 24. Nxf4 Rxa6 25. Nd3 Bxd3 26. cxd3 Rxa2 27. Kb1 Ra5 28. Rdh1 Rh8 29. Re1 h6 30. gxh6+ Rxh6 31. Rxh6 Kxh6 32. Rxe5 Kg7 33. Re7 Kf6 34. Rc7 Ra6 35. Rb7 g5 36. Rc7 Ke6 37. Kc2 f6 38. d4 Kf5 39. Rf7 Kg6 40. Rf8 Ra4 41. Kd3 Rb4 42. Kc3 Rc4+ 43. Kd3 c5 44. dxc5 Rxc5 45. Rd8 Rb5 46. Kc3 a5 47. b3 Kf5 48. Rd6 Ke5 49. Rc6 d4+ 50. Kc4 Rb4+ 51. Kc5 Rxb3 52. Ra6 Rxf3 53. Rxa5 Rc3+ 54. Kb4+ Ke4 55. Ra6 f5 56. Rf6 g4 57. Re6+ Kf3 58. Rd6 Re3 0-1